 Dungeon Crawl Stone Soup version 0.29.0-4-gdea44cf6ec (webtiles) character file.

Game seed: 10036633249670923498

18 qw the Sneak (level 2, -4/19 HPs)
             Began as a Gargoyle Delver on Sept 10, 2022.
             Slain by a water moccasin (5 damage)
             ... on level 5 of the Dungeon.
             The game lasted 00:00:06 (252 turns).

qw the Sneak (Gargoyle Delver)                       Turns: 252, Time: 00:00:06

Health: -4/19      AC:  5    Str: 15    XL:     2   Next: 70%
Magic:  2/2        EV: 11    Int: 10    God:
Gold:   10         SH:  0    Dex: 11    Spells: 1/1 levels left

rFire   . . .      SeeInvis .   a - +0 hand axe
rCold   . . .      Faith    .   (no shield)
rNeg    + . .      Spirit   .   b - +0 leather armour
rPois   inf        Reflect  .   (no helmet)
rElec   +          Harm     .   (no cloak)
rCorr   .          Rampage  .   (no gloves)
Will    .....                   (no boots)
Stlth   +++.......              (no amulet)
HPRegen 0.06/turn               (no ring)
MPRegen 0.08/turn               (no ring)

@: no status effects
A: sickness immunity, AC +2, negative energy resistance 1, electricity
resistance, torment resistance 1, petrification resistance
a: no special abilities


You were on level 5 of the Dungeon.
You visited 1 branch of the dungeon, and saw 1 of its levels.

You collected 10 gold pieces.


Innate Abilities, Weirdness & Mutations

You are immune to sickness and miasma.
Your stone body is resilient. (AC +2)
You are immune to poison.
You resist negative energy. (rN+)
You are resistant to electric shocks. (rElec)
You are resistant to unholy torment.
You are immune to petrification.


   Skills:
 - Level 3.2 Fighting
 + Level 2.9 Axes
 - Level 1.5 Dodging
 - Level 5.4 Stealth


You had one spell level left.
You didn't know any spells.
Your spell library was empty.

Inventory:

Hand Weapons
 a - a +0 hand axe (weapon)
Armour
 b - a +0 leather armour (worn)
Wands
 g - a wand of digging (3)
Scrolls
 c - a scroll of fog
 d - a scroll of magic mapping
 e - a scroll of fear
Potions
 f - a potion of haste

Dungeon Overview and Level Annotations

Branches:
Dungeon (5/15)
 Temple: D:4-7

Altars:
Nemelex Xobeh

Shops:
D:5 *


Message History

The adder is severely wounded.
The adder bites you but does no damage. The adder closely misses you.
You hit the adder but do no damage.
The adder is severely wounded.
The adder bites you but does no damage.
You hit the adder.
You kill the adder!
You start resting.
A phantom is nearby!
169 ||| Stepping ~*~*~tactically~*~*~ (stealth).
Found a stone staircase leading down.
You see here an adder corpse.
You start resting.
A phantom is nearby!
171 ||| Stepping ~*~*~tactically~*~*~ (stealth).
You start resting.
HP restored.
You open the door. 3 water moccasins and an adder come into view.
Found a scroll labelled EWUAH PEICSEICS.
The water moccasin hisses angrily. x3
You hit the water moccasin.
The water moccasin is lightly wounded.
The water moccasin misses you. The water moccasin closely misses you.
You closely miss the water moccasin.
The water moccasin is lightly wounded.
You closely miss the water moccasin. The water moccasin misses you.
The water moccasin bites you! The water moccasin bites you.
You miss the water moccasin.
The water moccasin is lightly wounded.
You closely miss the water moccasin. The water moccasin bites you.
The water moccasin bites you but does no damage.
The water moccasin bites you.
You barely miss the water moccasin.
The water moccasin is lightly wounded.
You hit the water moccasin. The water moccasin barely misses you.
The water moccasin bites you.
You die...

. ###### ..
¤~.#####....# ...
.W¤.........#
.... . ~
#%....#....> .##
##..%....... ..#
###.#@S...... .
#.###..##S##.....
#.### #.##..##SS.
#### #....#
#.##.###.\.#
#.##..##.#W.#
#...# #..
#....#.## ##+##
##.####..W.##..
....##..........#
##..............#


You could see 3 water moccasins and an adder.

Vanquished Creatures
  2 adders (D:5)
2 creatures vanquished.

Notes
Turn   | Place    | Note
-------+----------+-------------------------------------------
     0 | D:5      | qw the Gargoyle Delver began the quest for the Orb.
     0 | D:5      | Reached XP level 1. HP: 14/14 MP: 1/1
     0 | D:5      | 0 ||| qw: Version: 0.1-a-116-g5d60599
     0 | D:5      | 0 ||| qw: Game counter: 8230
     0 | D:5      | 0 ||| qw: Always use a shield: true
     0 | D:5      | 0 ||| qw: God list: Okawaru
     0 | D:5      | 0 ||| qw: Allow faded altars: false
     0 | D:5      | 0 ||| qw: Do Orc after D:15 true
     0 | D:5      | 0 ||| qw: Do second Lair branch before Depths: true
     0 | D:5      | 0 ||| qw: Lair rune preference: random
     0 | D:5      | 0 ||| qw: Plans: Normal
     0 | D:5      | 0 ||| PLANNING D:1-11
     4 | D:5      | Identified the +10 short sword of the Stoat {spect, rElec
                  | rF+ Str+2 Dex-5}
     7 | D:5      | Found a sparkling altar of Nemelex Xobeh.
    66 | D:5      | Noticed a phantom
    67 | D:5      | 67 ||| Stepping ~*~*~tactically~*~*~ (stealth).
    75 | D:5      | Reached XP level 2. HP: 17/19 MP: 2/2
   169 | D:5      | 169 ||| Stepping ~*~*~tactically~*~*~ (stealth).
   171 | D:5      | 171 ||| Stepping ~*~*~tactically~*~*~ (stealth).
   245 | D:5      | Found Sirud's Serpentskin Sales.
   245 | D:5      | Noticed a water moccasin
   245 | D:5      | Noticed a water moccasin
   245 | D:5      | Noticed a water moccasin
   251 | D:5      | HP: 3/19 [water moccasin (5)]
   251 | D:5      | HP: 1/19 [water moccasin (2)]
   252 | D:5      | Slain by a water moccasin

Levels and vault maps discovered:
D:5:      layout_rooms, kennysheep_mini_moat,
          nicolae_ru_great_annihilating_truth, kennysheep_crisscross,
          guppyfry_shop_venom, uniq_prince_ribbit1, uniq_grinder

Skill      XL: |  1 |
---------------+----+-----
Axes           | 2 |  2.9
Fighting       | |  3.2
Dodging        | |  1.5
Stealth        | |  5.4

Action                   || total
-------------------------++-------
Melee: Hand axe          ||    25
Armor: Leather armour    ||    10
Dodge: Dodged            ||    21

Table legend:
 A = Non-vault XP
 B = Vault XP
 C = Vault XP percentage of total XP
 D = Non-vault monster count
 E = Vault monster count
 F = Vault count percentage of total count
                 A         B        C        D         E       F
            +---------+---------+-------+---------+---------+-------
      Total |      27 |       0 |   0.0 |       2 |       0 |   0.0
            +---------+---------+-------+---------+---------+-------
        D:5 |      27 |       0 |   0.0 |       2 |       0 |   0.0
            +---------+---------+-------+---------+---------+-------
